Map: Lightshade LE

Players

Serral - Winner!

  • Race: Zerg Zerg

ShoWTimE

  • Race: Protoss Protoss

Event: DreamHack SC2 Masters 2021 Winter

VOD

Have the link to the VOD?

Description

Time

  • Played on: Oct. 16, 2021, 11:54 a.m.
  • Length: 30:02

All games in this series

Show
View Real Time Build Order
Export as new Build Order

Serral Zerg - Winner!

Build Orders: Hatch First, Brood Lord Corruptor 

Get SALT Encoding   

  12  0:00  Drone  
  13  0:11  Overlord  
  13  0:16  Drone  
  14  0:30  Drone x2  
  16  0:46  Hatchery  
  15  0:50  Drone  
  15  0:54  Drone  
  18  0:57  Drone  
  18  1:07  Extractor  
  17  1:12  Spawning Pool  
  17  1:15  Drone  
  17  1:19  Drone  
  18  1:27  Drone  
  19  1:38  Drone  
  20  1:48  Overlord  
  20  1:59  Queen x2  
  20  2:00  Zergling x4  
  26  2:10  Drone  
  26  2:11  Drone  
  26  2:12  Metabolic Boost  
  28  2:20  Drone x2  
  30  2:37  Drone, Hatchery  
  30  2:39  Drone  
  31  2:46  Queen  
  31  2:50  Overlord  
  33  2:56  Drone x2  
  33  2:57  Drone  
  36  3:04  Overlord  
  36  3:09  Drone x3  
  36  3:11  Drone  
  40  3:13  Drone  
  40  3:14  Drone  
  40  3:16  Drone  
  43  3:22  Queen  
  43  3:25  Overlord  
  45  3:27  Drone  
  45  3:32  Queen  
  49  3:34  Drone  
  49  3:38  Overlord  
  48  3:48  Zergling x6  
  51  3:50  Spore Crawler  
  51  3:51  Drone  
  51  3:52  Drone x2, Spore Crawler  
  51  3:53  Drone  
  53  3:57  Drone x2  
  53  4:02  Zergling x2  
  56  4:03  Overlord  
  56  4:05  Drone  
  57  4:12  Drone x5  
  57  4:16  Queen  
  64  4:20  Overlord  
  64  4:21  Drone  
  64  4:23  Drone  
  66  4:26  Spore Crawler  
  66  4:27  Drone  
  66  4:30  Zergling x2  
  66  4:31  Drone x2  
  69  4:34  Drone x2  
  69  4:37  Lair  
  71  4:40  Overlord  
  71  4:43  Drone x3  
  71  4:45  Extractor  
  73  4:47  Extractor  
  73  4:51  Zergling x2  
  73  4:53  Overlord  
  73  4:54  Drone x4  
  73  4:56  Drone  
  73  4:58  Extractor  
  73  4:59  Extractor  
  76  5:00  Roach Warren  
  76  5:05  Drone  
  76  5:07  Drone x4  
  77  5:08  Drone  
  77  5:14  Queen x2  
  80  5:16  Drone x3  
  80  5:18  Drone  
  80  5:19  Extractor  
  87  5:25  Evolution Chamber  
  85  5:29  Drone x2  
  85  5:32  Drone x3  
  85  5:34  Overlord  
  90  5:36  Hatchery  
  90  5:37  Pneumatized Carapace  
  90  5:38  Overseer  
  89  5:47  Drone, Spire  
  89  5:49  Infestation Pit  
  88  5:54  Zergling x12  
  95  5:57  Hatchery  
  94  6:06  Drone x9  
  94  6:11  Queen  
  105  6:16  Glial Reconstitution  
  105  6:17  Zerg Missile Weapons Level 1  
  105  6:21  Overlord x2  
  105  6:24  Overlord  
  105  6:28  Overlord  
  105  6:29  Queen  
  106  6:37  Overlord  
  106  6:40  Extractor  
  106  6:41  Drone x6, Extractor  
  106  6:42  Spore Crawler  
  106  6:46  Drone x2  
  111  6:48  Overlord  
  111  6:53  Drone  
  111  6:54  Drone x4  
  114  6:57  Overlord  
  116  7:11  Hive  
  116  7:13  Corruptor x6  
  128  7:18  Corruptor x2  
  128  7:20  Corruptor  
  134  7:23  Corruptor  
  134  7:24  Overseer  
  136  7:31  Corruptor x2  
  136  7:32  Corruptor  
  142  7:40  Overlord  
  142  7:43  Corruptor x3  
  148  7:49  Hatchery, Overlord  
  145  7:59  Corruptor x4  
  153  8:06  Corruptor  
  153  8:07  Corruptor  
  157  8:13  Drone x3  
  157  8:16  Corruptor x2  
  164  8:23  Corruptor  
  164  8:24  Corruptor  
  164  8:26  Overlord x3  
  168  8:30  Corruptor  
  168  8:31  Extractor  
  168  8:34  Corruptor  
  169  8:35  Extractor  
  170  8:42  Roach x3  
  170  8:47  Corruptor  
  176  8:55  Roach x11  
  195  9:03  Greater Spire  
  195  9:05  Drone x2  
  185  9:25  Roach x8  
  185  9:30  Zerg Ground Armor Level 1  
  188  9:31  Overseer  
  188  9:32  Adrenal Glands  
  188  9:33  Evolution Chamber  
  182  9:39  Roach x9  
  196  9:46  Roach  
  196  9:52  Evolution Chamber  
  193  9:59  Zergling x2  
  182  10:00  Zergling x26  
  191  10:08  Zerg Melee Weapons Level 1  
  191  10:20  Zerg Flyer Weapons Level 1  
  191  10:28  Spine Crawler x2  
  191  10:29  Spine Crawler  
  191  10:30  Overseer, Spine Crawler  
  191  10:35  Spore Crawler  
  186  10:38  Brood Lord x3  
  186  10:39  Brood Lord x4  
  186  10:41  Brood Lord  
  200  10:45  Pathogen Glands, Burrow  
  200  10:58  Overlord  
  200  11:02  Spine Crawler  
  200  11:03  Spine Crawler  
  198  11:04  Overseer  
  198  11:05  Spine Crawler x2  
  198  11:07  Spine Crawler  
  187  11:27  Brood Lord x4  
  187  11:29  Infestor  
  187  11:30  Infestor x2  
  187  11:31  Zerg Missile Weapons Level 2  
  198  11:35  Zerg Ground Armor Level 2  
  198  11:36  Drone  
  199  11:42  Neural Parasite  
  180  12:03  Infestor  
  180  12:05  Corruptor x5  
  192  12:24  Corruptor x3  
  192  12:25  Corruptor  
  198  12:37  Zerg Flyer Armor Level 1  
  198  12:38  Spire  
  197  12:50  Infestor x2  
  197  12:59  Infestor  
  199  13:09  Infestor x3  
  199  13:15  Zerg Melee Weapons Level 2  
  199  13:18  Zergling x2  
  200  13:22  Zergling x12  
  196  13:32  Spine Crawler  
  196  13:33  Infestor x3  
  197  13:43  Corruptor  
  195  13:56  Corruptor x2  
  195  14:01  Zerg Flyer Weapons Level 2  
  199  14:09  Drone x11  
  195  14:14  Corruptor  
  195  14:15  Corruptor x3  
  197  14:20  Zerg Ground Armor Level 3, Zerg Missile Weapons Level 3  
  197  14:22  Ultralisk Cavern  
  197  14:23  Hatchery  
  189  14:26  Spine Crawler  
  189  14:27  Zergling x10, Spine Crawler  
  189  14:29  Spine Crawler  
  190  14:33  Drone x2  
  190  14:34  Brood Lord  
  190  14:37  Drone x13, Zergling x14  
  189  14:53  Spine Crawler  
  189  14:54  Spine Crawler  
  189  14:59  Baneling Nest  
  186  15:02  Zergling x2  
  186  15:03  Zergling x24  
  186  15:05  Overseer  
  197  15:19  Chitinous Plating  
  197  15:24  Overseer  
  197  15:27  Viper  
  199  15:41  Infestor  
  193  15:56  Centrifugal Hooks  
  191  16:02  Viper  
  194  16:04  Baneling x5  
  194  16:05  Baneling x3, Zergling x10  
  195  16:37  Zergling x12  
  195  16:38  Anabolic Synthesis  
  198  16:42  Zerg Melee Weapons Level 3  
  195  17:02  Corruptor x2  
  199  17:17  Zerg Flyer Weapons Level 3, Zerg Flyer Armor Level 2  
  199  17:19  Overseer  
  199  17:26  Baneling x2  
  199  17:34  Hatchery  
  193  17:47  Zergling x20  
  182  17:59  Zergling x16  
  182  18:02  Ultralisk  
  182  18:03  Overlord x2  
  182  18:05  Overlord  
  196  18:10  Overlord  
  196  18:13  Drone x2  
  198  18:24  Baneling x5  
  198  18:25  Baneling  
  198  18:28  Drone x2  
  200  18:35  Hatchery  
  197  18:53  Corruptor x2  
  194  19:10  Corruptor, Viper  
  195  19:44  Zergling x32  
  199  20:03  Hatchery  
  187  20:19  Extractor  
  187  20:20  Extractor  
  187  20:21  Overlord  
  185  20:22  Drone x2  
  185  20:23  Drone x4  
  185  20:26  Ultralisk  
  197  20:29  Corruptor  
  197  20:33  Zerg Flyer Armor Level 3  
  198  20:56  Spore Crawler  
  198  20:57  Spore Crawler  
  196  20:58  Baneling x5  
  196  20:59  Infestor x3  
  196  21:00  Infestor  
  192  21:53  Overseer  
  186  21:55  Baneling x7  
  186  21:56  Ultralisk x2  
  186  22:00  Infestor  
  196  22:13  Extractor  
  196  22:14  Extractor  
  190  22:17  Spore Crawler  
  190  22:18  Corruptor x5  
  190  22:19  Corruptor, Spore Crawler x2  
  190  22:20  Spore Crawler x3  
  197  22:31  Drone x3  
  197  22:36  Overseer  
  196  23:01  Corruptor x3  
  196  23:31  Zergling x6  
  196  23:34  Viper  
  199  23:52  Viper x2  
  199  23:55  Brood Lord  
  196  24:29  Hatchery  
  187  25:00  Corruptor x5  
  187  25:03  Brood Lord  
  199  25:29  Drone  
  175  26:21  Viper  
  175  26:22  Viper x3  
  187  26:29  Brood Lord x5  
  187  26:31  Queen  
  199  26:45  Extractor  
  199  26:47  Drone x3, Extractor  
  199  26:49  Drone x4  
  198  27:15  Corruptor  
  200  27:33  Corruptor  
  191  28:01  Drone x2  
  191  28:05  Ultralisk  
  197  28:06  Overseer  
  197  28:08  Infestor x3  
  200  28:17  Hatchery  
  199  28:22  Extractor  
  198  28:27  Overseer, Hatchery  
  198  28:28  Overseer  
  198  28:29  Extractor  
  196  28:35  Drone x3  
  195  28:58  Infestor x2  
  195  29:01  Ultralisk  
  199  29:03  Zergling x2  
  197  29:23  Ultralisk  
Show
View Real Time Build Order
Export as new Build Order

ShoWTimE Protoss 

Build Orders: 1 Gate Expand, Oracle Opening, Carriers 

Get SALT Encoding   

  12  0:00  Probe  
  13  0:12  Probe  
  14  0:18  Pylon  
  14  0:24  Probe (Chrono Boost)  
  15  0:37  Gateway, Probe (Chrono Boost)  
  16  0:45  Probe (Chrono Boost)  
  16  0:47  Assimilator  
  17  0:51  Probe  
  18  1:03  Probe  
  19  1:15  Probe  
  20  1:23  Nexus  
  20  1:27  Probe  
  21  1:37  Cybernetics Core  
  21  1:41  Assimilator  
  21  1:44  Probe  
  22  1:51  Pylon  
  22  1:56  Probe  
  23  2:09  Probe (Chrono Boost)  
  23  2:13  Adept  
  23  2:15  Stargate  
  26  2:19  Probe (Chrono Boost)  
  27  2:25  Probe (Chrono Boost)  
  27  2:28  Warp Gate  
  30  2:37  Probe x2 (Chrono Boost)  
  30  2:43  Adept  
  34  2:44  Probe (Chrono Boost)  
  34  2:45  Probe (Chrono Boost)  
  34  2:50  Probe (Chrono Boost)  
  34  2:51  Void Ray (Chrono Boost), Probe  
  36  3:02  Probe  
  36  3:03  Probe  
  42  3:06  Pylon  
  42  3:14  Probe  
  42  3:15  Probe  
  42  3:19  Gateway  
  44  3:25  Oracle (Chrono Boost)  
  44  3:26  Probe  
  45  3:27  Probe  
  49  3:38  Probe  
  49  3:40  Probe  
  51  3:45  Pylon  
  51  3:50  Nexus, Probe  
  51  3:53  Probe  
  53  3:57  Assimilator  
  53  3:59  Assimilator  
  53  4:02  Probe  
  54  4:05  Probe  
  54  4:09  Stargate  
  55  4:14  Probe, Pylon  
  56  4:17  Probe  
  56  4:22  Void Ray (Chrono Boost)  
  56  4:23  Protoss Air Weapons Level 1  
  57  4:26  Probe, Pylon  
  62  4:33  Probe  
  63  4:38  Probe  
  63  4:45  Void Ray (Chrono Boost), Probe  
  65  4:49  Void Ray (Chrono Boost)  
  65  4:50  Probe  
  66  4:57  Probe  
  75  5:01  Shield Battery  
  75  5:02  Probe  
  75  5:03  Probe  
  77  5:07  Pylon  
  77  5:09  Probe  
  77  5:12  Robotics Facility  
  77  5:14  Probe  
  79  5:15  Assimilator, Probe  
  79  5:16  Void Ray (Chrono Boost)  
  79  5:17  Assimilator  
  79  5:21  Probe  
  81  5:26  Probe  
  81  5:27  Probe  
  87  5:29  Void Ray  
  87  5:35  Probe (Chrono Boost), Forge  
  88  5:38  Probe (Chrono Boost)  
  94  5:44  Probe (Chrono Boost)  
  94  5:48  Probe (Chrono Boost)  
  96  5:50  Probe (Chrono Boost)  
  96  5:53  Probe x2 (Chrono Boost)  
  98  5:57  Probe  
  99  6:07  Fleet Beacon  
  99  6:08  Stargate  
  99  6:09  Robotics Bay  
  99  6:10  Photon Cannon  
  99  6:12  Observer  
  99  6:15  Gateway  
  99  6:16  Gateway  
  100  6:28  Pylon  
  100  6:30  Pylon  
  100  6:35  Nexus  
  100  6:36  Pylon  
  100  6:42  Pylon  
  100  6:50  Probe x3, Shield Battery  
  100  6:51  Carrier x2 (Chrono Boost)  
  103  6:58  Photon Cannon  
  121  7:04  Photon Cannon, Carrier (Chrono Boost)  
  122  7:08  Probe  
  122  7:10  Probe  
  122  7:11  Photon Cannon  
  122  7:13  Probe  
  122  7:14  Shield Battery  
  124  7:18  Assimilator  
  124  7:20  Probe  
  124  7:22  Assimilator  
  125  7:23  Probe  
  125  7:25  Photon Cannon, Probe  
  125  7:28  Photon Cannon  
  127  7:31  Protoss Air Weapons Level 2 (Chrono Boost)  
  127  7:32  Probe  
  127  7:34  Twilight Council, Protoss Ground Weapons Level 1  
  127  7:36  Probe  
  129  7:39  Probe  
  130  7:45  Pylon  
  130  7:49  Gateway  
  130  7:53  Gateway  
  136  8:05  Pylon  
  136  8:07  Carrier x2 (Chrono Boost)  
  139  8:14  Charge (Chrono Boost)  
  145  8:23  Gateway, Carrier (Chrono Boost)  
  145  8:24  Gateway  
  145  8:26  Gateway  
  145  8:32  Templar Archives  
  147  8:47  Stalker x2  
  147  8:48  Stalker x2  
  151  8:49  Shield Battery  
  151  8:53  Shield Battery  
  139  8:56  Disruptor (Chrono Boost)  
  139  8:57  Zealot x2  
  139  8:58  Flux Vanes  
  144  9:08  Shield Battery  
  144  9:09  Shield Battery  
  152  9:16  Stalker x3  
  152  9:17  Stalker  
  160  9:19  Stalker  
  144  9:29  Stalker  
  126  9:37  Stalker x3, Blink (Chrono Boost)  
  108  9:40  Disruptor  
  104  9:47  Gateway  
  104  9:48  Gateway  
  104  9:51  Stalker x5  
  112  9:55  Stalker  
  112  9:58  Protoss Ground Weapons Level 2 (Chrono Boost)  
  108  10:00  Probe x3  
  108  10:01  Probe  
  112  10:11  Stalker x3  
  118  10:17  Photon Cannon  
  118  10:19  Disruptor (Chrono Boost), Pylon  
  115  10:31  Zealot x6  
  127  10:35  Stalker x2  
  129  10:43  Zealot, High Templar x2  
  129  10:47  Archon  
  135  10:51  Warp Prism (Chrono Boost)  
  135  10:53  Zealot x2, High Templar x4  
  135  10:56  Archon x2  
  149  11:02  Zealot x2  
  149  11:03  Stargate  
  153  11:06  Tempest (Chrono Boost)  
  153  11:08  Photon Cannon  
  158  11:12  Zealot  
  158  11:17  Zealot x2  
  164  11:25  Pylon  
  164  11:26  Pylon  
  164  11:32  Pylon  
  164  11:33  Pylon  
  164  11:42  Stargate  
  164  11:45  Tempest (Chrono Boost)  
  169  11:48  Tempest (Chrono Boost)  
  169  11:51  Pylon  
  165  12:02  Zealot x4  
  160  12:20  Tempest (Chrono Boost)  
  165  12:22  Tempest (Chrono Boost)  
  165  12:26  Tempest (Chrono Boost)  
  165  12:29  Stalker x4  
  177  12:30  Zealot x2  
  177  12:31  Pylon  
  177  12:33  Photon Cannon  
  177  12:34  Stalker  
  183  12:44  Protoss Shields Level 1  
  185  12:54  Tempest (Chrono Boost)  
  185  12:58  Photon Cannon  
  190  13:00  Shield Battery  
  190  13:01  Observer (Chrono Boost)  
  188  13:09  Zealot x4  
  196  13:17  Void Ray  
  195  13:23  Nexus  
  195  13:24  Protoss Air Weapons Level 3 (Chrono Boost)  
  195  13:25  Pylon  
  191  13:36  Probe  
  188  13:41  Zealot x3  
  188  13:42  Zealot x4  
  194  14:00  Zealot x3  
  198  14:20  Photon Cannon, Observer  
  198  14:21  Photon Cannon  
  198  14:23  Shield Battery  
  189  14:25  Shield Battery  
  189  14:27  Pylon x2  
  187  14:36  Zealot x7  
  199  14:43  Pylon  
  193  14:48  Void Ray x2  
  193  14:50  Gravitic Boosters (Chrono Boost)  
  193  14:51  Observer  
  184  14:58  Psionic Storm  
  192  15:07  Nexus  
  192  15:09  Photon Cannon  
  192  15:11  Photon Cannon  
  188  15:24  Assimilator  
  188  15:26  Zealot x4  
  188  15:27  Zealot x2, Protoss Ground Weapons Level 3 (Chrono Boost)  
  194  15:28  Assimilator  
  194  15:29  Zealot x2  
  194  15:31  Gravitic Drive (Chrono Boost)  
  186  15:45  Zealot x3  
  186  15:47  Void Ray x2  
  188  15:51  Protoss Air Armor Level 1 (Chrono Boost)  
  188  15:55  Zealot x2  
  196  16:10  High Templar x2  
  194  16:30  Void Ray x2  
  194  16:32  High Templar x2  
  190  16:35  Assimilator  
  190  16:38  Assimilator  
  198  16:45  Zealot x3  
  191  17:00  High Templar x2  
  181  17:02  Tempest (Chrono Boost)  
  181  17:07  Shield Battery  
  186  17:09  Shield Battery  
  186  17:10  Shield Battery  
  186  17:11  Void Ray x2 (Chrono Boost)  
  186  17:12  Shield Battery x2  
  186  17:14  Shield Battery  
  186  17:15  Shield Battery  
  190  17:16  Shield Battery  
  190  17:17  Shield Battery  
  194  17:39  Oracle (Chrono Boost)  
  194  17:41  Archon  
  191  17:49  Zealot x3  
  191  17:50  Zealot x4  
  199  17:52  Void Ray x2  
  189  18:18  Pylon  
  189  18:20  High Templar  
  191  18:29  Observer  
  192  18:39  Nexus  
  192  18:41  Pylon  
  192  18:42  Photon Cannon  
  192  18:43  Photon Cannon  
  192  18:45  Photon Cannon  
  192  18:47  Shield Battery  
  190  18:48  Shield Battery  
  190  18:50  Assimilator  
  190  18:53  Assimilator  
  176  18:57  Void Ray  
  176  18:58  Void Ray x2  
  176  19:01  Shield Battery  
  162  19:04  Shield Battery  
  162  19:05  Zealot x2  
  162  19:07  Observer  
  179  19:11  Zealot x2  
  179  19:12  Unknown  
  146  19:45  High Templar x8  
  162  19:50  Archon x3  
  162  19:51  Archon  
  157  20:07  Probe x3  
  160  20:16  Pylon  
  160  20:18  High Templar x3  
  160  20:19  Warp Prism (Chrono Boost), High Templar x5  
  176  20:23  Archon x4  
  178  20:31  Oracle (Chrono Boost)  
  181  20:57  High Templar x2  
  181  21:02  Observer  
  186  21:04  Nexus  
  186  21:06  Pylon  
  186  21:08  Zealot x6, Pylon  
  197  21:24  Probe x5 (Chrono Boost)  
  176  21:33  Probe x3 (Chrono Boost)  
  176  21:34  Probe x2 (Chrono Boost)  
  176  21:37  Oracle (Chrono Boost)  
  176  21:38  Probe x5 (Chrono Boost)  
  177  21:46  High Templar x4  
  190  21:50  Archon x2, Probe x5  
  195  22:02  Probe x4  
  194  22:21  Pylon  
  194  22:28  Probe  
  195  22:31  Photon Cannon  
  195  22:33  Photon Cannon  
  195  22:35  Photon Cannon  
  195  22:37  Shield Battery  
  195  22:39  Probe x2, Pylon  
  197  22:49  Pylon  
  197  22:50  Pylon  
  197  22:51  Pylon  
  197  23:12  Observer  
  198  23:19  Nexus  
  198  23:30  Pylon  
  194  23:41  Pylon  
  194  24:04  Photon Cannon  
  194  24:05  Photon Cannon  
  194  24:06  Photon Cannon, Zealot x3  
  194  24:08  Photon Cannon  
  200  24:10  Shield Battery  
  200  24:13  Assimilator  
  200  24:19  Assimilator  
  200  24:23  Shield Battery  
  200  24:26  Pylon  
  200  24:30  Oracle (Chrono Boost)  
  197  24:52  Tempest (Chrono Boost)  
  197  24:53  Tempest (Chrono Boost)  
  197  24:58  Tempest (Chrono Boost)  
  197  25:07  Shield Battery  
  197  25:09  Shield Battery  
  197  25:10  Shield Battery  
  197  25:12  Pylon  
  194  25:37  Tempest  
  190  26:20  Void Ray x3  
  182  26:26  Immortal (Chrono Boost)  
  198  26:40  Nexus  
  198  26:42  Shield Battery  
  198  26:43  Shield Battery  
  198  26:44  Shield Battery  
  198  26:48  Pylon  
  192  27:21  High Templar  
  192  27:22  High Templar  
  188  27:58  High Templar x2  
  180  28:13  Nexus  
  180  28:17  Tempest x2  
  190  28:20  Pylon  
  190  28:23  Shield Battery  
  190  28:24  Shield Battery  
  190  28:25  Zealot  
  190  28:26  Zealot x3, Shield Battery  
  198  28:29  Shield Battery  
  198  28:33  Shield Battery  
  198  28:37  Pylon  
  196  28:47  Cybernetics Core  
  186  29:00  Zealot x5  
  174  29:28  Stalker  
  174  29:29  Stalker x3  

Tags
 
Add a new tag
Caveats
  • Supply blocks, unpowered buildings, or Contaminate may cause inaccurate times.
  • Supply counts are checked every 10 seconds.